Map: Prion Terraces

Players

LiquidSnute (Snute)

  • Race: Zerg Zerg

Solar - Winner!

  • Race: Zerg Zerg

Event: Root's WW3

VOD

https://youtu.be/L9hMH6cSZkg

Description

Time

  • Played on: Dec. 12, 2015, 6:54 a.m.
  • Length: 12:44

All games in this series

Show
View Real Time Build Order
Export as new Build Order

LiquidSnute Zerg 

Build Orders: Pool First 

Get SALT Encoding   

  12  0:01  Drone  
  13  0:12  Overlord  
  13  0:17  Drone  
  14  0:31  Drone x2  
  14  0:34  Drone  
  17  0:38  Extractor  
  16  0:45  Drone  
  17  0:50  Spawning Pool  
  17  0:56  Drone  
  17  1:06  Drone  
  18  1:21  Hatchery  
  17  1:36  Queen  
  17  1:38  Metabolic Boost  
  19  1:42  Zergling x2  
  19  1:46  Zergling x2  
  21  1:53  Overlord  
  21  2:01  Baneling Nest  
  20  2:08  Drone x2  
  22  2:16  Drone  
  22  2:22  Queen  
  25  2:33  Drone  
  26  2:39  Drone x2  
  28  2:44  Drone  
  28  2:47  Baneling x2  
  28  2:50  Queen  
  31  2:55  Drone x2  
  33  2:59  Zergling x2  
  33  3:02  Drone x2  
  36  3:06  Overlord  
  36  3:18  Roach Warren  
  35  3:22  Overlord  
  35  3:23  Drone  
  36  3:27  Drone  
  36  3:28  Drone  
  36  3:31  Extractor  
  37  3:35  Drone x2  
  37  3:36  Drone x4  
  37  3:40  Extractor  
  41  3:46  Overlord  
  41  3:47  Drone  
  42  3:48  Lair  
  42  3:58  Evolution Chamber, Drone  
  42  3:59  Drone x3  
  45  4:05  Drone x3  
  45  4:06  Drone  
  45  4:09  Drone  
  50  4:24  Hatchery  
  50  4:27  Zerg Missile Weapons Level 1  
  50  4:28  Roach x3  
  55  4:34  Overlord x2  
  55  4:43  Roach  
  55  4:44  Roach  
  59  4:50  Overlord  
  59  4:51  Overseer  
  59  4:56  Queen  
  59  4:57  Queen  
  59  4:58  Glial Reconstitution  
  63  5:12  Roach x8  
  78  5:32  Queen x2  
  82  5:38  Queen  
  82  5:42  Spore Crawler  
  83  5:44  Spore Crawler  
  82  5:50  Drone x6  
  82  5:55  Spore Crawler  
  87  6:02  Roach  
  87  6:04  Overlord x4  
  88  6:14  Overlord x2  
  88  6:18  Spore Crawler  
  88  6:20  Overlord  
  88  6:21  Overlord, Queen x2  
  91  6:27  Roach x5  
  101  6:36  Roach x5  
  111  6:40  Queen  
  111  6:43  Roach x2  
  109  7:03  Queen x2  
  109  7:07  Roach  
  109  7:08  Roach x7  
  129  7:18  Roach  
  129  7:19  Roach x3  
  129  7:20  Queen  
  127  7:31  Roach  
  127  7:38  Queen  
  127  7:39  Queen  
  129  7:48  Hatchery  
  126  7:55  Queen  
  128  8:00  Overlord  
  128  8:01  Overlord, Roach  
  128  8:02  Roach x4  
  138  8:20  Roach x8  
  138  8:22  Overlord x2  
  153  8:30  Spore Crawler, Overlord  
  153  8:31  Roach  
  154  8:41  Spore Crawler  
  153  8:58  Overlord x2, Queen  
  153  8:59  Queen x2  
  159  9:12  Roach x4  
  159  9:13  Roach  
  164  9:18  Spore Crawler  
  135  9:34  Queen x3  
  105  9:45  Infestation Pit  
  100  10:10  Queen  
  98  10:17  Queen x2  
  93  10:21  Spore Crawler x2  
  93  10:22  Pathogen Glands  
  83  10:45  Queen  
  63  10:52  Infestor x2  
  63  10:56  Infestor  
  59  11:01  Infestor  
  61  11:09  Infestor  
  61  11:11  Queen  
  61  11:20  Roach x3  
  71  11:33  Roach  
  71  11:37  Roach  
  70  11:51  Queen x2  
  64  12:16  Roach x7  
Show
View Real Time Build Order
Export as new Build Order

Solar Zerg - Winner!

Build Orders: Hatch First 

Get SALT Encoding   

  12  0:01  Drone  
  13  0:12  Overlord  
  13  0:17  Drone  
  14  0:31  Drone x2  
  14  0:34  Drone  
  17  0:52  Hatchery  
  17  0:54  Drone  
  17  0:58  Drone  
  18  1:04  Extractor  
  17  1:13  Spawning Pool  
  17  1:16  Drone  
  17  1:19  Drone  
  18  1:28  Drone  
  19  1:39  Overlord  
  19  1:58  Drone  
  19  1:59  Queen  
  19  2:00  Zergling x2  
  23  2:04  Metabolic Boost  
  23  2:05  Queen  
  23  2:06  Drone  
  26  2:11  Drone  
  27  2:16  Drone  
  27  2:22  Zergling x2  
  29  2:26  Drone  
  29  2:27  Baneling Nest  
  29  2:32  Drone  
  30  2:38  Drone  
  31  2:45  Spine Crawler  
  31  2:47  Drone  
  31  2:49  Zergling x2  
  32  2:56  Drone  
  32  2:58  Drone, Extractor  
  32  3:04  Overlord  
  33  3:07  Drone  
  33  3:08  Drone x2  
  35  3:13  Baneling x2  
  35  3:19  Overlord  
  35  3:21  Lair  
  35  3:23  Drone x2  
  35  3:24  Drone  
  35  3:27  Zergling x2  
  39  3:32  Zergling x2, Extractor  
  39  3:34  Zergling x2  
  39  3:39  Drone  
  41  3:45  Drone x2  
  41  3:46  Drone x2  
  45  3:49  Drone  
  45  3:52  Extractor  
  45  3:56  Drone  
  45  4:00  Overlord  
  46  4:07  Drone  
  47  4:11  Drone  
  47  4:12  Drone x3  
  51  4:19  Drone x3  
  51  4:23  Spire  
  52  4:27  Drone, Overlord  
  53  4:32  Overlord  
  53  4:41  Overseer  
  53  4:43  Overlord  
  53  4:47  Zergling x8  
  53  4:51  Zergling x8  
  60  4:58  Zergling x2  
  61  5:00  Overlord  
  61  5:06  Spine Crawler  
  60  5:08  Overlord  
  60  5:10  Spine Crawler  
  59  5:28  Drone  
  60  5:32  Baneling  
  60  5:34  Mutalisk x7  
  74  5:40  Mutalisk  
  77  5:45  Zerg Flyer Weapons Level 1  
  77  5:48  Hatchery  
  77  5:49  Spine Crawler, Baneling x2  
  75  5:51  Mutalisk  
  77  5:58  Drone  
  77  5:59  Overlord  
  77  6:00  Mutalisk  
  77  6:02  Drone  
  81  6:06  Overlord  
  81  6:09  Mutalisk  
  82  6:12  Zergling x2  
  82  6:13  Zergling x2  
  82  6:16  Mutalisk  
  86  6:24  Overlord  
  86  6:28  Mutalisk  
  86  6:31  Zergling x12  
  94  6:38  Mutalisk  
  95  6:40  Overlord  
  95  6:51  Mutalisk, Extractor  
  95  6:53  Zergling x2  
  97  6:55  Extractor  
  97  6:58  Mutalisk  
  97  7:00  Zergling x6  
  88  7:06  Mutalisk  
  88  7:08  Zergling x8  
  94  7:12  Mutalisk  
  94  7:15  Zergling x4  
  96  7:21  Mutalisk  
  98  7:26  Drone  
  99  7:33  Drone  
  100  7:37  Mutalisk  
  100  7:39  Hatchery  
  100  7:40  Mutalisk  
  93  7:46  Zergling x8  
  97  7:57  Mutalisk  
  99  7:59  Mutalisk  
  99  8:03  Zergling x2  
  102  8:08  Extractor  
  102  8:09  Drone  
  102  8:10  Extractor  
  101  8:14  Mutalisk  
  103  8:22  Mutalisk  
  104  8:29  Spine Crawler x2  
  104  8:30  Mutalisk  
  104  8:31  Zergling x2  
  104  8:32  Zergling x8  
  109  8:41  Mutalisk  
  109  8:43  Overlord  
  111  8:52  Mutalisk, Spine Crawler  
  110  8:57  Zergling x4  
  110  8:59  Mutalisk  
  110  9:01  Zergling x2  
  110  9:02  Zergling x8  
  119  9:05  Overlord  
  119  9:16  Mutalisk x2  
  119  9:18  Zergling x2  
  119  9:19  Zergling x2  
  106  9:24  Mutalisk  
  106  9:28  Zergling x10  
  106  9:35  Mutalisk  
  106  9:37  Zergling x4  
  106  9:38  Zergling x2  
  95  9:47  Drone x2  
  95  9:52  Mutalisk x2  
  99  9:56  Drone  
  99  9:57  Queen  
  104  10:02  Drone  
  104  10:03  Mutalisk  
  104  10:05  Drone  
  104  10:06  Drone  
  105  10:15  Mutalisk  
  105  10:17  Zergling x10  
  106  10:24  Mutalisk x2  
  106  10:27  Zergling x2  
  111  10:30  Zergling x4  
  113  10:40  Drone x3  
  102  10:46  Mutalisk  
  98  10:50  Mutalisk x2  
  98  10:56  Zergling x2  
  98  10:57  Zergling x8  
  104  11:02  Mutalisk  
  106  11:05  Zergling x2  
  106  11:11  Mutalisk  
  107  11:14  Zergling x2  
  107  11:17  Zergling x2  
  111  11:22  Mutalisk  
  113  11:26  Drone x4  
  113  11:32  Drone x4  
  121  11:33  Drone  
  121  11:35  Overseer  
  121  11:36  Overseer  
  122  11:40  Mutalisk  
  124  11:53  Mutalisk x2  
  128  11:55  Zergling x12  
  128  12:00  Mutalisk  
  136  12:06  Mutalisk  
  136  12:08  Zergling x4  
  133  12:10  Mutalisk  
  133  12:14  Zergling x8  
  134  12:22  Overlord  
Tags
 
Add a new tag
Caveats
  • Supply blocks, unpowered buildings, or Contaminate may cause inaccurate times.
  • Supply counts are checked every 10 seconds.